 Dungeon Crawl Stone Soup version 0.29.0-4-gdea44cf6ec (webtiles) character file.

Game seed: 15313306235497994689

2858 qw the Cleaver (level 9, -7/79 HPs)
             Began as a Minotaur Berserker on Sept 9, 2022.
             Was a Priest of Trog.
             Killed by nerve-wracking pain
             ... invoked by a shadow imp
              (14 damage)
             ... on level 7 of the Dungeon.
             The game lasted 00:02:27 (8005 turns).

qw the Cleaver (Minotaur Berserker)                 Turns: 8005, Time: 00:02:28

Health: -7/79      AC: 12    Str: 27    XL:     9   Next: 47%
Magic:  8/8        EV:  8    Int:  4    God:    Trog [***...]
Gold:   463        SH:  4    Dex:  9    Spells: 8/8 levels left

rFire   . . .      SeeInvis .   Y - +0 war axe
rCold   . . .      Faith    .   c - +0 buckler
rNeg    . . .      Spirit   .   q - +0 chain mail
rPois   .          Reflect  .   (helmet restricted)
rElec   .          Harm     .   (no cloak)
rCorr   +          Rampage  .   (no gloves)
Will    .....                   n - +1 pair of boots
Stlth   ..........              (no amulet)
HPRegen 0.23/turn               m - ring of resist corrosion
MPRegen 0.11/turn               (no ring)

@: on berserk cooldown
A: horns 2, retaliatory headbutt
a: Renounce Religion, Berserk, Trog's Hand


You were on level 7 of the Dungeon.
You worshipped Trog.
Trog was most pleased with you.
You visited 1 branch of the dungeon, and saw 7 of its levels.

You collected 463 gold pieces.


Innate Abilities, Weirdness & Mutations

You have a pair of horns on your head.
You reflexively headbutt those who attack you in melee.


   Skills:
 - Level 7.0 Fighting
 - Level 13.0 Axes
 + Level 2.2 Throwing
 - Level 5.0 Armour
 - Level 2.1 Dodging
 - Level 4.3 Shields


You had 8 spell levels left.
You didn't know any spells.
Your spell library was empty.

Inventory:

Hand Weapons
 g - a +0 hand axe of flaming
 Y - a +0 war axe (weapon)
Missiles
 d - 11 boomerangs
 p - 3 javelins (quivered)
Armour
 c - a +0 buckler (worn)
 n - a +1 pair of boots (worn)
 q - a +0 chain mail (worn)
Jewellery
 m - a ring of resist corrosion (left hand)
Scrolls
 a - a scroll of identify
Potions
 b - 2 potions of ambrosia {unknown}
 e - a potion of might
 f - a potion of resistance
 h - 3 potions of mutation
 i - a potion of curing
 j - a potion of flight {unknown}
 k - a potion of haste {unknown}
 l - a potion of magic {unknown}

Dungeon Overview and Level Annotations

Branches:
Dungeon (7/15)             Temple (0/1) D:5

Altars:
Dithmenos
Elyvilon
Fedhas
Nemelex Xobeh
Xom

Shops:
D:1 (   D:7 (

Annotations:
D:6 3 runed translucent doors, qw's ghost, amateur MiBe


Message History

You struggle to resist.
The shadow imp gestures at you. Pain shoots through your body!
The shadow imp gestures at you. Pain shoots through your body!
The shadow imp gestures at you. Pain shoots through your body!
The shadow imp gestures at you. Pain shoots through your body!
The shadow imp laughs crazily.
An iguana comes into view.
You feel yourself speed up.
You recover from your berserk rage.
The shadow imp sputters.
The shadow imp gestures at you. Pain shoots through your body!
7971 ||| INVOKING Berserk.
A red film seems to cover your vision as you go berserk!
You feel yourself moving faster!
You feel mighty!
You start resting.
You feel a strong urge to attack something.
You feel your anger nearly subside.
You are no longer berserk.
You are exhausted.
You feel yourself slow down. The shadow imp gestures at you.
Pain shoots through your body!
The iguana hisses menacingly.
The shadow imp gestures at you. Pain shoots through your body!
The shadow imp laughs crazily.
The shadow imp gestures at you. Pain shoots through your body!
The shadow imp gestures at you.
You struggle to resist.
The shadow imp shouts, "Take thy face hence, thou pribbling boil-brained bum-bailey!"
You feel yourself speed up. The shadow imp gestures at you.
Pain shoots through your body!
You die...

#.# #.#..##.......#
#.###'###.........#
###~~~~~###.......#
#~~~~~# #.......####
#~~~~~# #.......##..
#~~~~~# #.?.....##..
###'#####.......##..
#####....#####.#####..
#..^%@................
#...~¤~¤.¤PPPP.._..PPPP
#....l5.)........[.....
#..##.##.###..#..?.....
..#. #. ...##.###.###.#
. # ## .###...........
.##..##.###.###
##.#)........
...##.###.#


You could see an iguana and a shadow imp.

Vanquished Creatures
  Pikel (D:6)
  A steam dragon (D:6)
  Edmund (D:4)
  2 water moccasins
  A sky beast (D:7)
  2 black bears
  3 ogres
  A lemure (D:6)
  3 phantoms
  3 bullfrogs
  A gnoll sergeant (D:6)
  2 necrophages
  4 wights (D:7)
  3 jellies (D:5)
  4 orc priests
  An iguana (D:6)
  3 orc wizards
  Robin (D:4)
  13 gnolls
  5 adders
  2 white imps
  An ufetubus (D:5)
  A worm (D:4)
  A dart slug (D:5)
  13 orcs
  8 ball pythons
  9 endoplasms
  2 giant cockroaches
  17 goblins
  8 hobgoblins
  7 jackals
  3 kobolds
  3 quokkas
  7 bats
  5 frilled lizards
  3 rats
  A butterfly (D:6)
146 creatures vanquished.

Vanquished Creatures (others)
  A plant (D:7)
1 creature vanquished.

Grand Total: 147 creatures vanquished

Notes
Turn   | Place    | Note
-------+----------+-------------------------------------------
     0 | D:1      | qw the Minotaur Berserker began the quest for the Orb.
     0 | D:1      | Reached XP level 1. HP: 19/19 MP: 0/0
     0 | D:1      | 0 ||| qw: Version: 0.1-a-113-g051387a
     0 | D:1      | 0 ||| qw: Game counter: 7146
     0 | D:1      | 0 ||| qw: Always use a shield: true
     0 | D:1      | 0 ||| qw: Do Orc after D:15 true
     0 | D:1      | 0 ||| qw: Do second Lair branch before Depths: true
     0 | D:1      | 0 ||| qw: Lair rune preference: random
     0 | D:1      | 0 ||| qw: Plans: Normal
     0 | D:1      | 0 ||| PLANNING D:1-11
    64 | D:1      | Found a faded altar of an unknown god.
   132 | D:1      | Reached skill level 4 in Axes
   250 | D:1      | 250 ||| Stepping ~*~*~tactically~*~*~ (stealth).
   252 | D:1      | 252 ||| Stepping ~*~*~tactically~*~*~ (stealth).
   263 | D:1      | 263 ||| INVOKING Berserk.
   411 | D:1      | Reached XP level 2. HP: 17/26 MP: 1/1
   414 | D:1      | 414 ||| INVOKING Berserk.
   627 | D:1      | 627 ||| DROPPING +0 club.
   726 | D:1      | 726 ||| Stepping ~*~*~tactically~*~*~ (stealth).
   728 | D:1      | 728 ||| Stepping ~*~*~tactically~*~*~ (stealth).
  1065 | D:1      | Reached skill level 5 in Axes
  1162 | D:1      | Found Sipeukuk's Antique Weapon Shop.
  1179 | D:1      | 1179 ||| SHOPLISTING flail (63 gold, have 10).
  1311 | D:1      | 1311 ||| UPGRADING to +0 ring mail.
  1321 | D:1      | 1321 ||| DROPPING +0 animal skin.
  1322 | D:1      | 1322 ||| READING scroll labelled JULOCA TUIHAM.
  1325 | D:1      | 1325 ||| READING scroll labelled UKAASCH YMEQIFI.
  1326 | D:1      | 1326 ||| READING scroll labelled SINWEL WAHOUD.
  1327 | D:1      | 1327 ||| READING scroll labelled IMUSUH GY ZOEG.
  1328 | D:1      | 1328 ||| READING scroll labelled ZEIKEEXZAN.
  1329 | D:1      | 1329 ||| DRINKING 2 red potions.
  1330 | D:1      | 1330 ||| DRINKING 3 blue potions.
  1331 | D:1      | 1331 ||| DROPPING potion of attraction.
  1332 | D:1      | 1332 ||| Stepping randomly (stuck).
  1333 | D:1      | 1333 ||| Stepping ~*~*~tactically~*~*~ (cloud).
  1334 | D:1      | 1334 ||| DRINKING 2 potions of curing.
  1334 | D:1      | 1334 ||| (to cure poison)
  1463 | D:2      | Reached XP level 3. HP: 28/31 MP: 2/2
  1554 | D:2      | Reached ** piety under Trog
  1706 | D:2      | 1706 ||| Stepping ~*~*~tactically~*~*~ (stealth).
  2290 | D:2      | 2290 ||| READING 3 scrolls labelled BIUFAPN YPTEHEGIE.
  2291 | D:2      | 2291 ||| READING scroll labelled ETOFRO YSIOFF.
  2292 | D:2      | 2292 ||| READING scroll labelled QEROVE WI OCYA.
  2293 | D:2      | 2293 ||| READING scroll labelled MAEREMP WAME.
  2294 | D:2      | 2294 ||| READING scroll labelled YCUASTR UMUO.
  2295 | D:2      | 2295 ||| DRINKING 2 puce potions.
  2296 | D:2      | 2296 ||| READING 2 scrolls of identify.
  2296 | D:2      | 2296 ||| IDENTIFYING viscous ruby potion
  2297 | D:2      | 2297 ||| DROPPING potion of degeneration.
  2341 | D:3      | You fall into a shaft and drop 1 floor!
  2356 | D:4      | 2356 ||| Stepping ~*~*~tactically~*~*~ (hiding).
  2360 | D:4      | 2360 ||| STAIRDANCE
  2483 | D:3      | 2483 ||| Stepping ~*~*~tactically~*~*~ (stealth).
  2528 | D:3      | 2528 ||| READING scroll of brand weapon.
  2528 | D:3      | 2528 ||| BRANDING +0 hand axe of venom.
  2562 | D:3      | Reached skill level 6 in Axes
  2562 | D:3      | Reached XP level 4. HP: 39/39 MP: 3/3
  2912 | D:3      | 2912 ||| Stepping ~*~*~tactically~*~*~ (hiding).
  2922 | D:3      | 2922 ||| FLEEEEING.
  2923 | D:3      | 2923 ||| FLEEEEING.
  2924 | D:3      | 2924 ||| FLEEEEING.
  2926 | D:3      | 2926 ||| FLEEEEING.
  2928 | D:3      | 2928 ||| FLEEEEING.
  2929 | D:3      | 2929 ||| FLEEEEING.
  2930 | D:3      | 2930 ||| FLEEEEING.
  2931 | D:3      | 2931 ||| FLEEEEING.
  2932 | D:3      | 2932 ||| FLEEEEING.
  2933 | D:3      | 2933 ||| FLEEEEING.
  2934 | D:3      | 2934 ||| FLEEEEING.
  2935 | D:3      | 2935 ||| FLEEEEING.
  2936 | D:3      | 2936 ||| DRINKING potion of curing.
  2936 | D:3      | 2936 ||| (to cure confusion)
  2944 | D:3      | 2944 ||| INVOKING Berserk.
  3155 | D:3      | 3155 ||| READING scroll labelled MOKLEL ISIVATY.
  3256 | D:3      | 3256 ||| READING 2 scrolls of identify.
  3256 | D:3      | 3256 ||| IDENTIFYING purple potion
  3290 | D:4      | Noticed a black bear
  3292 | D:4      | 3292 ||| INVOKING Berserk.
  3295 | D:4      | Killed a black bear
  3296 | D:4      | Reached skill level 7 in Axes
  3296 | D:4      | Reached XP level 5. HP: 45/45 MP: 4/4
  3300 | D:4      | 3300 ||| STAIRDANCE
  3407 | D:4      | 3407 ||| READING scroll of brand weapon.
  3407 | D:4      | 3407 ||| BRANDING +0 hand axe of chaos.
  3408 | D:4      | 3408 ||| DROPPING +0 whip.
  3414 | D:4      | Found a sparkling altar of Nemelex Xobeh.
  3461 | D:4      | 3461 ||| Stepping ~*~*~tactically~*~*~ (stealth).
  3463 | D:4      | 3463 ||| Stepping ~*~*~tactically~*~*~ (hiding).
  3465 | D:4      | 3465 ||| INVOKING Berserk.
  3587 | D:4      | Noticed Edmund
  3591 | D:4      | 3591 ||| INVOKING Berserk.
  3600 | D:4      | Killed Edmund
  3601 | D:4      | Reached skill level 8 in Axes
  3601 | D:4      | Reached XP level 6. HP: 46/52 MP: 5/5
  3646 | D:4      | 3646 ||| FLEEEEING.
  3647 | D:4      | 3647 ||| FLEEEEING.
  3654 | D:4      | 3654 ||| FLEEEEING.
  3660 | D:4      | 3660 ||| FLEEEEING.
  3665 | D:4      | 3665 ||| FLEEEEING.
  3666 | D:4      | 3666 ||| FLEEEEING.
  3667 | D:4      | 3667 ||| FLEEEEING.
  3668 | D:4      | 3668 ||| FLEEEEING.
  3669 | D:4      | 3669 ||| FLEEEEING.
  3670 | D:4      | 3670 ||| FLEEEEING.
  3671 | D:4      | 3671 ||| FLEEEEING.
  3672 | D:4      | 3672 ||| FLEEEEING.
  3673 | D:4      | 3673 ||| FLEEEEING.
  3678 | D:4      | 3678 ||| FLEEEEING.
  3679 | D:4      | 3679 ||| FLEEEEING.
  3680 | D:4      | 3680 ||| FLEEEEING.
  3681 | D:4      | 3681 ||| STAIRDANCE
  3943 | D:4      | Reached skill level 9 in Axes
  4056 | D:4      | 4056 ||| Stepping ~*~*~tactically~*~*~ (stealth).
  4270 | D:4      | Noticed a water moccasin
  4284 | D:4      | 4284 ||| INVOKING Berserk.
  4285 | D:4      | Killed a water moccasin
  4286 | D:4      | Reached XP level 7. HP: 36/61 MP: 6/6
  4391 | D:4      | 4391 ||| FLEEEEING.
  4392 | D:4      | 4392 ||| FLEEEEING.
  4393 | D:4      | 4393 ||| FLEEEEING.
  4394 | D:4      | 4394 ||| FLEEEEING.
  4395 | D:4      | 4395 ||| FLEEEEING.
  4396 | D:4      | 4396 ||| FLEEEEING.
  4397 | D:4      | 4397 ||| FLEEEEING.
  4398 | D:4      | 4398 ||| FLEEEEING.
  4400 | D:4      | 4400 ||| FLEEEEING.
  4578 | D:4      | Noticed Robin
  4582 | D:4      | Reached *** piety under Trog
  4587 | D:4      | 4587 ||| INVOKING Berserk.
  4589 | D:4      | Killed Robin
  4735 | D:4      | 4735 ||| READING scroll labelled HAELOA QOAXTE.
  4792 | D:5      | Entered Level 5 of the Dungeon
  4794 | D:5      | 4794 ||| INVOKING Berserk.
  4800 | D:5      | 4800 ||| STAIRDANCE
  4997 | D:5      | Found a staircase to the Ecumenical Temple.
  5008 | D:5      | 5008 ||| INVOKING Berserk.
  5143 | D:5      | Reached skill level 10 in Axes
  5296 | D:5      | 5296 ||| INVOKING Berserk.
  5300 | D:5      | Reached skill level 1 in Throwing
  5301 | D:5      | Reached skill level 6 in Fighting
  5688 | D:5      | 5688 ||| INVOKING Berserk.
  5690 | D:5      | Reached XP level 8. HP: 70/70 MP: 7/7
  5983 | D:5      | 5983 ||| INVOKING Berserk.
  6195 | D:5      | 6195 ||| UPGRADING to +0 scale mail.
  6205 | D:5      | 6205 ||| DROPPING +0 ring mail.
  6206 | D:5      | 6206 ||| UPGRADING to ring of resist corrosion.
  6207 | D:5      | 6207 ||| READING scroll labelled NAPLUO GISA.
  6208 | D:5      | 6208 ||| READING 2 scrolls of identify.
  6208 | D:5      | 6208 ||| IDENTIFYING fuming orange potion
  6229 | D:6      | Noticed Pikel
  6229 | D:6      | Found a shadowy altar of Dithmenos.
  6230 | D:6      | 6230 ||| INVOKING Berserk.
  6237 | D:6      | Killed Pikel
  6238 | D:6      | Reached skill level 12 in Axes
  6243 | D:6      | 6243 ||| STAIRDANCE
  6289 | D:6      | 6289 ||| STAIRDANCE
  6371 | D:6      | 6371 ||| INVOKING Berserk.
  6562 | D:6      | 6562 ||| SWAPPING to +0 war axe.
  6589 | D:6      | 6589 ||| Stepping ~*~*~tactically~*~*~ (stealth).
  6591 | D:6      | 6591 ||| Stepping ~*~*~tactically~*~*~ (stealth).
  6605 | D:6      | 6605 ||| INVOKING Berserk.
  6608 | D:6      | Reached skill level 3 in Armour
  6826 | D:6      | Found a blossoming altar of Fedhas.
  6846 | D:6      | Found a runed translucent gate.
  6847 | D:6      | Found a runed translucent gate.
  6851 | D:6      | 6851 ||| Stepping ~*~*~tactically~*~*~ (stealth).
  6852 | D:6      | 6852 ||| Stepping ~*~*~tactically~*~*~ (stealth).
  6854 | D:6      | 6854 ||| Stepping ~*~*~tactically~*~*~ (stealth).
  6854 | D:6      | Found a runed translucent gate.
  6862 | D:6      | 6862 ||| Stepping ~*~*~tactically~*~*~ (hiding).
  6876 | D:6      | 6876 ||| FLEEEEING.
  6877 | D:6      | 6877 ||| FLEEEEING.
  6878 | D:6      | 6878 ||| FLEEEEING.
  6879 | D:6      | 6879 ||| FLEEEEING.
  6881 | D:6      | 6881 ||| FLEEEEING.
  6882 | D:6      | 6882 ||| FLEEEEING.
  6884 | D:6      | 6884 ||| FLEEEEING.
  6885 | D:6      | 6885 ||| FLEEEEING.
  6886 | D:6      | 6886 ||| FLEEEEING.
  6887 | D:6      | 6887 ||| FLEEEEING.
  6889 | D:6      | 6889 ||| FLEEEEING.
  6890 | D:6      | 6890 ||| FLEEEEING.
  6891 | D:6      | 6891 ||| FLEEEEING.
  6892 | D:6      | 6892 ||| FLEEEEING.
  6893 | D:6      | 6893 ||| FLEEEEING.
  6895 | D:6      | 6895 ||| FLEEEEING.
  6904 | D:6      | 6904 ||| FLEEEEING.
  6905 | D:6      | 6905 ||| FLEEEEING.
  6906 | D:6      | 6906 ||| FLEEEEING.
  6907 | D:6      | 6907 ||| FLEEEEING.
  6910 | D:6      | 6910 ||| FLEEEEING.
  6911 | D:6      | 6911 ||| FLEEEEING.
  6912 | D:6      | 6912 ||| FLEEEEING.
  6913 | D:6      | 6913 ||| FLEEEEING.
  6914 | D:6      | 6914 ||| FLEEEEING.
  6915 | D:6      | 6915 ||| FLEEEEING.
  6916 | D:6      | 6916 ||| FLEEEEING.
  6917 | D:6      | 6917 ||| FLEEEEING.
  6918 | D:6      | 6918 ||| STAIRDANCE
  7002 | D:5      | 7002 ||| UPGRADING to +0 buckler.
  7007 | D:5      | 7007 ||| UPGRADING to +0 chain mail.
  7017 | D:5      | 7017 ||| DROPPING +0 scale mail.
  7018 | D:5      | 7018 ||| READING 2 scrolls of identify.
  7018 | D:5      | 7018 ||| IDENTIFYING inky potion
  7019 | D:5      | 7019 ||| DROPPING potion of berserk rage.
  7107 | D:6      | 7107 ||| INVOKING Berserk.
  7110 | D:6      | Reached XP level 9. HP: 79/79 MP: 8/8
  7113 | D:6      | Reached skill level 3 in Shields
  7203 | D:6      | 7203 ||| Stepping ~*~*~tactically~*~*~ (stealth).
  7235 | D:6      | 7235 ||| INVOKING Berserk.
  7304 | D:6      | 7304 ||| Stepping ~*~*~tactically~*~*~ (stealth).
  7306 | D:6      | 7306 ||| INVOKING Berserk.
  7449 | D:6      | Noticed qw's ghost (amateur MiBe)
  7517 | D:6      | Found a shimmering altar of Xom.
  7520 | D:6      | 7520 ||| Stepping ~*~*~tactically~*~*~ (hiding).
  7554 | D:6      | Identified the +2 robe of the Sacrificial Victim {rC+
                  | Str+4}
  7611 | D:6      | 7611 ||| UPGRADING to +0 pair of boots.
  7616 | D:6      | 7616 ||| READING scroll labelled FUKKY NUKLAPTAOB.
  7643 | D:7      | 7643 ||| READING scroll of teleportation.
  7644 | D:7      | 7644 ||| FLEEEEING.
  7645 | D:7      | 7645 ||| STAIRDANCE
  7652 | D:7      | 7652 ||| Stepping randomly (stuck).
  7652 | D:7      | Found Doept's Weapon Shop.
  7722 | D:7      | 7722 ||| INVOKING Berserk.
  7736 | D:7      | Reached skill level 13 in Axes
  7772 | D:7      | 7772 ||| Stepping ~*~*~tactically~*~*~ (stealth).
  7793 | D:7      | Found a white marble altar of Elyvilon.
  7836 | D:7      | 7836 ||| READING scroll of enchant armour.
  7836 | D:7      | 7836 ||| ENCHANTING +0 pair of boots.
  7912 | D:7      | 7912 ||| INVOKING Berserk.
  7927 | D:7      | HP: 15/79 [shadow imp/nerve-wracking pain (6)]
  7970 | D:7      | HP: 19/79 [shadow imp/nerve-wracking pain (7)]
  7971 | D:7      | 7971 ||| INVOKING Berserk.
  7976 | D:7      | HP: 13/79 [shadow imp/nerve-wracking pain (7)]
  7987 | D:7      | HP: 11/79 [shadow imp/nerve-wracking pain (6)]
  7989 | D:7      | HP: 2/79 [shadow imp/nerve-wracking pain (10)]
  8005 | D:7      | Killed from afar by a shadow imp

Levels and vault maps discovered:
D:1:      tarquinn_simple_flora_water_c, layout_basic,
          hellmonk_ecumenical_altar_pennies_from_heaven, serial_shops,
          nicolae_shop_overgrown_old_shop
D:2:      layout_basic
D:3:      layout_loops_ring, serial_glass, glass_columns_a, glass_columns_a,
          glass_columns_a, glass_columns_a
D:4:      kennysheep_goblin_castle, layout_loops_cross,
          nemelex_spade_bored_becter, uniq_edmund
D:5:      layout_cave_pods, temple_statues, st_stairs_7
D:6:      layout_rooms, xom_butterflies, grunt_dithmenos_smoke,
          marbit_many_paths, gammafunk_ghost_split, uniq_pikel
D:7:      layout_loops_cross, mainiacjoe_overflow_boulevard, serial_shops,
          nicolae_shop_waterfront, nrook_campfire, hangedman_decor_riveting,
          minmay_crystal_room, chequers_serial_rivers_room_b,
          nicolae_concentric_dashed_squares_mild, minmay_misc_feat_pillars,
          dk_noncrumbling_3, minmay_fractal_squares_gapless_5

Skill      XL: |  1  2  3  4  5  6  7  8  9 |
---------------+----------------------------+-----
Axes           | 4 5 6 7 8 9 10 12 13 | 13.0
Fighting       | 4 5 6 7 |  7.0
Throwing       | 1 2 |  2.2
Armour         | 3 5 |  5.0
Shields        | 2 4 |  4.3
Dodging        | |  2.1

Action                   |  1- 3 |  4- 6 |  7- 9 || total
-------------------------+-------+-------+-------++-------
Melee: Hand axe          |    81 |    67 |    72 ||   220
       Headbutt          |    13 |    11 |    16 ||    40
       Punch             |       |       |     4 ||     4
       War axe           |       |       |    75 ||    75
Throw: Boomerang         |     2 |    17 |    15 ||    34
       Javelin           |       |       |    16 ||    16
Invok: Berserk           |     2 |     5 |    15 ||    22
  Use: Scroll            |    12 |     3 |     7 ||    22
       Potion            |     4 |     1 |       ||     5
Armor: Animal skin       |     6 |       |       ||     6
       Ring mail         |     8 |    28 |    10 ||    46
       Scale mail        |       |       |     8 ||     8
       Chain mail        |       |       |    10 ||    10
Dodge: Dodged            |    35 |    42 |    55 ||   132
Block: Buckler           |       |       |     4 ||     4

Table legend:
 A = Non-vault XP
 B = Vault XP
 C = Vault XP percentage of total XP
 D = Non-vault monster count
 E = Vault monster count
 F = Vault count percentage of total count
                 A         B        C        D         E       F
            +---------+---------+-------+---------+---------+-------
      Total |    2977 |    1106 |  27.1 |     119 |      25 |  17.4
            +---------+---------+-------+---------+---------+-------
        D:1 |      39 |       0 |   0.0 |      24 |       0 |   0.0
        D:2 |      48 |       0 |   0.0 |      16 |       0 |   0.0
        D:3 |      94 |       0 |   0.0 |      13 |       0 |   0.0
        D:4 |     298 |     356 |  54.4 |      14 |      22 |  61.1
        D:5 |     686 |      40 |   5.5 |      19 |       1 |   5.0
        D:6 |    1055 |     710 |  40.2 |      20 |       2 |   9.1
        D:7 |     757 |       0 |   0.0 |      13 |       0 |   0.0
            +---------+---------+-------+---------+---------+-------
